 Dungeon Crawl Stone Soup version 0.25-a0-102-gbfa96ce22d (webtiles) character file.

Game seed: 3964293254254536080, levelgen mode: deterministic

215227 vurker the Eclecticist (level 18, -14/140 HPs)
             Began as a Mummy Fire Elementalist on Nov 14, 2019.
             Was an Initiate of Gozag.
             Demolished by Mara (illusionary)
             ... wielding a +5 vampiric demon whip
              (46 damage)
             ... on level 2 of the Shoals on Nov 15, 2019.
             The game lasted 02:17:09 (65069 turns).

vurker the Eclecticist (Mummy Fire Elementalist)   Turns: 65069, Time: 02:17:09

Health: -14/140    AC: 13    Str: 11    XL:     18   Next: 32%
Magic:  12/41      EV: 12    Int: 25    God:    Gozag
Gold:   7537       SH:  6    Dex: 14    Spells: 30/55 levels left

rFire    + . .     SeeInvis .   j - staff of conjuration
rCold    + . .     Gourm    .   D - +1 buckler {AC+3}
rNeg     + + +     Faith    .   f - +2 robe {rC+ rF+}
rPois    ∞         Spirit   .   e - +0 helmet
rElec    .         Reflect  .   B - +2 cloak {MR+}
rCorr    .         Harm     +   K - +0 pair of gloves
MR       ++++.                  C - +0 pair of boots
Stlth    ++........             i - amulet of harm
HPRegen  0.33/turn              b - ring "Atyokk" {MR+ Int+4}
MPRegen  0.27/turn              p - ring of fire

@: no status effects
A: no food or potions, fire vulnerability, cold resistance 1, negative energy
resistance 3, torment resistance, unbreathing, in touch with death 1
}: 1/15 runes: gossamer
a: Potion Petition, Call Merchant, Bribe Branch, Renounce Religion


You were on level 2 of the Shoals.
You worshipped Gozag.
Gozag was greatly pleased with you.
You were not hungry.

You visited 6 branches of the dungeon, and saw 31 of its levels.

You collected 13074 gold pieces.
You spent 3158 gold pieces at shops.
You paid 2379 gold pieces to Gozag.

Inventory:

Missiles
 J - 4 throwing nets (quivered)
Armour
 e - a +0 helmet (worn)
   (You found it on level 1 of the Lair of Beasts)
 f - a +2 robe of resistance (worn)
   (You took it off Dowan on level 7 of the Dungeon)
 z - a +2 cloak of invisibility
   (You took it off Maurice on level 10 of the Dungeon)
 B - a +2 cloak of magic resistance (worn)
   (You bought it in a shop on level 2 of the Orcish Mines)
 C - a +0 pair of boots (worn)
   (You found it on level 3 of the Lair of Beasts)
 D - a +1 buckler of protection (worn)
   (You bought it in a shop on level 2 of the Shoals)
 K - a +0 pair of gloves (worn)
   (You found it on level 9 of the Dungeon)
Magical Staves
 j - an uncursed staff of conjuration (weapon)
   (You found it on level 12 of the Dungeon)
 v - an uncursed staff of power
   (You found it on level 9 of the Dungeon)
Jewellery
 b - the ring "Atyokk" (left hand) {MR+ Int+4}
   (You bought it in a shop on level 2 of the Orcish Mines)

   [ring of protection from magic]

   It affects your intelligence (+4).
   It affects your resistance to hostile enchantments.
 i - an amulet of harm (around neck)
   (You found it on level 3 of the Dungeon)
 l - an uncursed ring of see invisible
   (You found it on level 4 of the Dungeon)
 p - a ring of fire (right hand)
   (You bought it in a shop on level 4 of the Dungeon)
 q - the ring of Motay {rElec rPois rC+ MR+ Stlth-}
   (You bought it in a shop on level 4 of the Dungeon)

   [ring of attention]

   It protects you from cold.
   It insulates you from electricity.
   It protects you from poison.
   It affects your resistance to hostile enchantments.
   It makes you less stealthy.
Wands
 c - a wand of disintegration (25)
   (You bought it in a shop on level 2 of the Shoals)
 d - a wand of iceblast (11)
   (You took it off an orc warrior on level 13 of the Dungeon)
 r - a wand of clouds (5)
   (You bought it in a shop on level 2 of the Shoals)
 s - a wand of polymorph (19)
   (You found it on level 9 of the Dungeon)
 t - a wand of enslavement (6)
   (You found it on level 9 of the Dungeon)
 u - a wand of paralysis (11)
   (You found it on level 2 of the Spider Nest)
 x - a wand of acid (6)
   (You found it on level 6 of the Dungeon)
Scrolls
 a - 6 scrolls of enchant weapon
 g - 3 scrolls of immolation
 h - 6 scrolls of teleportation
 k - 3 scrolls of fog
 m - 4 scrolls of magic mapping
 n - a scroll of enchant armour
 o - 5 scrolls of fear
 A - 14 scrolls of identify
 F - 18 scrolls of remove curse
Miscellaneous
 y - a lamp of fire
   (You found it on level 9 of the Dungeon)
 E - a box of beasts
 G - a phial of floods (inert)
   (You found it on level 12 of the Dungeon)


   Skills:
 + Level 12.1 Fighting
 - Level 1.5 Dodging
 - Level 1.5 Stealth
 - Level 4.0 Shields
 * Level 19.1 Spellcasting
 * Level 14.2 Conjurations
 * Level 14.3 Fire Magic
 - Level 11.1 Poison Magic
 - Level 5.0 Evocations


You had 30 spell levels left.
You knew the following spells:

 Your Spells              Type           Power        Failure   Level  Hunger
a - Bolt of Fire          Conj/Fire      ########..   1%          6    N/A
b - Throw Icicle          Conj/Ice       ######..     1%          4    N/A
c - Olgreb's Toxic Radia  Pois           ######..     1%          4    N/A
q - Sticky Flame          Conj/Fire      ########     1%          4    N/A
w - Blink                 Tloc           N/A          3%          2    N/A
z - Fireball              Conj/Fire      ########..   1%          5    N/A

Your spell library contained the following spells:

 Spells                   Type           Power        Failure   Level  Hunger
 Flame Tongue             Conj/Fire      #####        0%          1    N/A
 Magic Dart               Conj           ####         0%          1    N/A
 Sting                    Conj/Pois      ####         0%          1    N/A
 Throw Flame              Conj/Fire      ######       0%          2    N/A
 Conjure Flame            Conj/Fire      ########     0%          3    N/A
 Corona                   Hex            ###....      1%          1    N/A
 Infusion                 Chrm           ###.         1%          1    N/A
 Shock                    Conj/Air       ####         1%          1    N/A
 Poisonous Vapours        Pois/Air       ######       1%          2    N/A
 Dazzling Spray           Conj/Hex       ######       1%          3    N/A
 Ignite Poison            Fire/Tmut/Pois #######.     1%          3    N/A
 Inner Flame              Hex/Fire       ######..     1%          3    N/A
 Mephitic Cloud           Conj/Pois/Air  #######.     1%          3    N/A
 Static Discharge         Conj/Air       ######..     1%          3    N/A
 Bolt of Magma            Conj/Fire/Erth ########..   1%          5    N/A
 Venom Bolt               Conj/Pois      #######...   1%          5    N/A
 Call Imp                 Summ           ###.....     3%          2    N/A
 Corpse Rot               Necr           N/A          3%          2    N/A
 Ensorcelled Hibernation  Hex/Ice        ###...       3%          2    N/A
 Shroud of Golubria       Chrm/Tloc      ###...       3%          2    N/A
 Slow                     Hex            ###.....     3%          2    N/A
 Song of Slaying          Chrm           ###.....     3%          2    N/A
 Swiftness                Chrm/Air       ###.....     3%          2    N/A
 Bolt of Draining         Conj/Necr      #######...   3%          5    N/A
 Irradiate                Conj/Tmut      ######....   3%          5    N/A
 Iskenderun's Battlesphe  Conj/Chrm      ######..     3%          5    N/A
 Lightning Bolt           Conj/Air       ######....   3%          5    N/A
 Orb of Destruction       Conj           #######...   4%          7    N/A
 Confuse                  Hex            ###.....     6%          3    N/A
 Spectral Weapon          Hex/Chrm       ###.....     6%          3    N/A
 Tukima's Dance           Hex            ###.....     6%          3    N/A
 Bolt of Cold             Conj/Ice       ######....   16%         6    N/A
 Conjure Ball Lightning   Conj/Air       ######....   16%         6    N/A
 Iron Shot                Conj/Erth      ######....   16%         6    N/A
 Airstrike                Air            ###.......   19%         4    N/A
 Summon Lightning Spire   Summ/Air       ###.....     19%         4    N/A
 Ignition                 Fire           #######...   34%         8    N/A
 Agony                    Necr           #####...     47%         5    N/A
 Dispel Undead            Necr           #####...     47%         5    N/A
 Excruciating Wounds      Chrm/Necr      #####.....   47%         5    N/A
 Silence                  Hex/Air        ###.......   47%         5    N/A
 Ring of Flames           Chrm/Fire      ######....   65%         7    N/A
 Spellforged Servitor     Conj/Summ      ######....   65%         7    N/A
 Deflect Missiles         Chrm/Air       ###.......   96%         6    N/A
 Simulacrum               Ice/Necr       #####.....   96%         6    N/A
 Tornado                  Air            ###.......   100%        9    N/A
 Sublimation of Blood     Necr           Unusable     N/A         2    N/A
 Regeneration             Chrm/Necr      Unusable     N/A         3    N/A
 Ice Form                 Ice/Tmut       Unusable     N/A         4    N/A
 Hydra Form               Tmut           Unusable     N/A         6    N/A
 Statue Form              Tmut/Erth      Unusable     N/A         6    N/A
 Dragon Form              Tmut           Unusable     N/A         7    N/A

Dungeon Overview and Level Annotations

Branches:
Dungeon (15/15)            Temple (1/1) D:6            Lair (6/6) D:9
 Shoals (3/4) Lair:3       Spider (4/4) Lair:3        Slime (0/5) Lair:6
    Orc (2/2) D:11            Elf (0/3) Orc:2        Vaults (0/5) D:13
 Depths (0/5) D:15

Altars:
Ashenzari
Cheibriados
Dithmenos
Elyvilon
Fedhas
Gozag
Hepliaklqana
Kikubaaqudgha
Makhleb
Nemelex Xobeh
Okawaru
Qazlal
Ru
Sif Muna
Trog
Uskayaw
Vehumet
Wu Jian
Xom
Yredelemnul
Zin
The Shining One
Beogh
Jiyva

Shops:
D:4 =   D:7 *   D:9 :   D:11 [   Orc:2 ([*=   Shoals:2 *}*

Annotations:
Shoals:2 Mara
Shoals:3 Aizul
Orc:1 3 runed translucent doors, casual's ghost, journeyman GnTm


Innate Abilities, Weirdness & Mutations

You do not eat or drink.
Your flesh is vulnerable to fire.
You are immune to poison.
Your flesh is cold resistant. (rC+)
You are immune to negative energy. (rN+++)
You are immune to unholy pain and torment.
You can survive without breathing.
You are in touch with the powers of death.


Message History

There is a horrible, sudden wrenching feeling in your soul!
Aim: Mara, wielding a +5 vampiric demon whip and wearing a +0 robe (heavily wounded)
You feel a surge of power!
The shard of ice hits Mara!
Mara gestures at you. The bolt of fire hits you! You resist.
Vurker's illusion gestures at you while chanting.
The fireball explodes!
The fireball engulfs you! You resist.
Aim: Mara, wielding a +5 vampiric demon whip and wearing a +0 robe (heavily wounded)
You feel a surge of power!
The shard of ice hits Mara!!
Mara weaves an illusion.
Mara shimmers and seems to become three!
Aim: vurker's illusion (summoned)
Okay, then.
The mass of ice explodes!
The iceblast engulfs Mara. x2
Mara gestures at you. The bolt of fire hits you! You resist.
Mara says, "What good are steel and magic against my illusions?"
Mara blinks!
Vurker's illusion gestures wildly while chanting.
Vurker's illusion blinks!
Aim: Mara, wielding a +5 vampiric demon whip and wearing a +0 robe (almost dead)
The mass of ice explodes!
The iceblast engulfs Mara!
Mara gestures at you. The bolt of fire hits you!! You resist.
* * * LOW HITPOINT WARNING * * *
Mara gestures at you.
The bolt of fire hits Mara.
Mara resists.
The bolt of fire hits you! You resist.
* * * LOW HITPOINT WARNING * * *
Vurker's illusion gestures wildly while chanting.
Vurker's illusion blinks!
Aim: Mara, wielding a +5 vampiric demon whip and wearing a +0 robe (almost dead)
The mass of ice explodes!
The iceblast engulfs Mara!
Mara gestures at you. The bolt of fire hits you. You resist.
* * * LOW HITPOINT WARNING * * *
Mara hits you with a +5 vampiric demon whip!!
* * * LOW HITPOINT WARNING * * *
Okay, then. [a] - 336 gold - resistance and agility [b] - 440 gold - resistance, agility and invisibility [c] - 150 gold - heal wounds Purchase which effect?
You feel much better. Mara gestures at you. The bolt of fire hits you.
You resist.
* * * LOW HITPOINT WARNING * * *
Mara hits you with a +5 vampiric demon whip!!!
You die...
Your body crumbles into a pile of gold.

≈≈≈≈≈≈≈≈≈≈≈≈≈≈≈≈≈≈≈≈≈...≈
≈≈≈≈≈≈≈≈≈≈≈≈≈≈≈≈≈≈≈≈≈≈≈≈≈..≈≈
≈≈≈≈≈≈≈≈≈≈≈≈≈≈≈≈≈≈≈≈≈≈≈≈≈≈≈...
≈≈≈≈≈≈≈≈≈≈≈≈≈≈≈≈...≈..≈≈≈≈....
≈≈≈≈≈≈≈≈≈≈≈≈≈≈≈...≈..≈≈>......
≈≈≈≈≈≈≈≈≈≈≈≈≈≈≈≈≈≈≈.≈≈...≈≈≈≈.
≈≈≈≈≈≈≈........≈..........)≈..
≈≈≈≈≈........................≈
≈≈≈≈≈...(....@.≈≈.!...........
≈≈≈≈,..[..R..R.≈...##....##...
≈≈≈≈,..#........(..^..≈.###...
≈≈≈≈,.[#......R......≈≈.# #...
≈≈≈,,%,#.......(.....≈≈.###...
≈≈≈≈≈≈.).......≈≈....≈≈≈.##...
≈≈≈≈≈≈.......<.≈.....≈≈≈≈.#...
≈≈≈≈≈≈........≈∩≈....≈≈≈≈≈....
≈≈≈≈≈≈≈≈≈≈....≈≈≈...≈≈≈≈≈≈≈≈..


You could see 3 Maras.

Vanquished Creatures
  Arachne (Spider:2)
  Rupert (D:13)
  Kirke (Lair:4)
  3 ghost moths
  An orc warlord (Orc:2)
  8 emperor scorpions
  5 entropy weavers
  A dire elephant (D:15)
  A spark wasp (Spider:2)
  Josephine (D:15)
  A fire dragon (D:12)
  2 merfolk impalers (Shoals:2)
  3 vault guards (D:13)
  3 catoblepae (Lair:6)
  7 hydras
  3 centaur warriors (D:13)
  2 merfolk avatars
  An ogre mage (D:12)
  2 merfolk aquamancers (Shoals:2)
  A satyr (Shoals:3)
  5 two-headed ogres
  A tengu warrior (D:15)
  10 death yaks
  3 death knights
  A queen ant (Lair:6)
  5 orc high priests
  7 skeletal warriors
  7 sea snakes
  A deep troll (shapeshifter) (D:13)
  A wizard (D:9)
  2 unseen horrors
  5 orc sorcerers
  21 orb spiders
  17 ugly things
  9 harpies
  2 phantasmal warriors (D:13)
  6 orc knights
  45 wolf spiders
  A deep elf mage (D:12)
  A mana viper (shapeshifter) (D:13)
  14 fauns
  11 manticores
  4 cyclopes
  6 elephants
  6 merfolk sirens
  Maurice (D:10)
  2 oklob plants (Lair:1)
  2 centaur zombies
  5 black mambas
  2 moths of wrath (Spider:3)
  2 gargoyles
  2 torpor snails
  A water nymph (Shoals:3)
  12 spiny frogs
  9 centaur skeletons
  Psyche (D:8)
  2 freezing wraiths
  An efreet (D:15)
  5 demonic crawlers
  2 kobold demonologists (D:12)
  A rime drake (Lair:6)
  6 komodo dragons
  11 merfolk
  35 jumping spiders
  9 trolls
  A meliai (D:12)
  3 wind drakes
  A polar bear (Lair:6)
  A polar bear (shapeshifter) (D:13)
  3 hornets
  12 hippogriffs
  A harpy skeleton (D:15)
  22 blink frogs
  12 slime creatures
  6 snapping turtles
  Sigmund (D:6)
  8 humans (D:13)
  30 tarantellas
  5 wyverns
  102 redbacks
  7 water elementals
  3 shadows
  2 hogs (Lair:5)
  A spriggan (D:8)
  3 vampires
  57 yaks
  5 wraiths
  3 basilisks
  2 hungry ghosts
  2 wargs
  Menkaure (D:7)
  5 large abominations (D:9)
  6 soldier ants
  5 acid dragons
  Duvessa (D:7)
  25 water moccasins
  10 porcupines
  5 black bears
  8 sky beasts
  7 small abominations (D:9)
  A necrophage (D:12)
  3 ice beasts
  34 orc warriors
  29 centaurs
  11 wolves (Lair:1)
  3 phantoms
  6 ogres
  10 crocodiles
  5 big kobolds
  21 bullfrogs
  A gnoll sergeant (D:6)
  A wyvern zombie (D:10)
  Dowan (D:7)
  A scorpion (D:13)
  7 wights
  2 electric eels
  2 howler monkeys
  2 crimson imps
  A quasit (D:10)
  16 orc priests
  9 hounds
  2 gnoll shamans
  2 bullfrog skeletons (D:12)
  2 bullfrog zombies (D:13)
  3 jellies
  Jessica (D:3)
  6 iguanas
  33 orc wizards
  16 worker ants
  2 killer bee zombies
  A hound skeleton (D:5)
  A worker ant zombie (D:6)
  10 adders
  20 gnolls
  A river rat (D:9)
  4 shadow imps
  2 oozes (D:2)
  2 adder skeletons
  5 worms
  3 dart slugs
  5 leopard geckos
  114 orcs
  A ball python (D:2)
  8 giant cockroaches
  5 goblins
  9 hobgoblins
  18 jackals
  15 quokkas
  9 bats
  5 frilled lizards
  17 kobolds
  A leopard gecko skeleton (D:7)
  A quokka skeleton (D:8)
  2 quokka zombies (D:6)
  13 rats
  A bush (Lair:4)
  10 fungi
  18 plants
1250 creatures vanquished.

Vanquished Creatures (collateral kills)
  An orb spider (Spider:3)
  A wolf spider (Spider:3)
  A demonic crawler (Spider:3)
  2 redbacks (Spider:3)
5 creatures vanquished.

Vanquished Creatures (others)
  A human (D:13)
  5 fungi
  19 plants
25 creatures vanquished.

Grand Total: 1280 creatures vanquished

Notes
Turn   | Place    | Note
-------+----------+-------------------------------------------
     0 | D:1      | vurker the Mummy Fire Elementalist began the quest for the
                  | Orb.
     0 | D:1      | Reached XP level 1. HP: 13/13 MP: 4/4
   101 | D:1      | Reached skill level 1 in Conjurations
   154 | D:1      | Reached skill level 3 in Spellcasting
   161 | D:1      | Reached XP level 2. HP: 16/19 MP: 0/6
   855 | D:1      | Reached XP level 3. HP: 21/25 MP: 0/7
  1218 | D:2      | Found an ancient bone altar of Kikubaaqudgha.
  1601 | D:2      | Reached XP level 4. HP: 31/31 MP: 4/9
  1725 | D:2      | Reached skill level 1 in Fighting
  2520 | D:2      | Reached skill level 4 in Spellcasting
  2816 | D:2      | Reached XP level 5. HP: 18/37 MP: 7/11
  3495 | D:3      | Found a burning altar of Makhleb.
  4477 | D:3      | Noticed Jessica
  4480 | D:3      | Killed Jessica
  4480 | D:3      | Reached XP level 6. HP: 37/44 MP: 8/13
  4535 | D:3      | Identified Jessica's Reference Book on Good Luck
  5158 | D:4      | Reached skill level 5 in Spellcasting
  5244 | D:4      | Found Uddohosch's Jewellery Shoppe.
  5380 | D:4      | Found an opulent altar of Gozag.
  5417 | D:4      | Became a worshipper of Gozag Ym Sagoz the Greedy
  5783 | D:5      | Entered Level 5 of the Dungeon
  6054 | D:5      | Learned a level 4 spell: Sticky Flame
  6058 | D:5      | Learned a level 3 spell: Conjure Flame
  6064 | D:5      | Learned a level 5 spell: Fireball
  6150 | D:5      | Reached XP level 7. HP: 51/51 MP: 8/15
  6671 | D:5      | Identified the Tome of Ice
  6738 | D:5      | Reached skill level 6 in Spellcasting
  6885 | D:5      | Found a glowing silver altar of Zin.
  6887 | D:5      | Found a shimmering altar of Xom.
  6887 | D:5      | Found a shattered altar of Ashenzari.
  6948 | D:5      | Found a hide-covered altar of Uskayaw.
  6948 | D:5      | Found a sparkling altar of Nemelex Xobeh.
  6948 | D:5      | Found an iron altar of Okawaru.
  7100 | D:4      | Bought an uncursed ring of fire for 325 gold pieces
  7120 | D:6      | Found a stormy altar of Qazlal.
  7120 | D:6      | Noticed Sigmund
  7321 | D:6      | Found a staircase to the Ecumenical Temple.
  7649 | D:6      | Killed Sigmund
  7649 | D:6      | Reached XP level 8. HP: 58/58 MP: 8/18
  7801 | D:6      | Reached skill level 5 in Fire Magic
  8011 | D:6      | Reached skill level 7 in Spellcasting
  8268 | D:6      | Found a sacrificial altar of Ru.
  8412 | D:6      | Found an iron altar of Okawaru.
  8486 | Temple   | Entered the Ecumenical Temple
  8990 | D:7      | Noticed Duvessa
  9001 | D:7      | Killed Duvessa
  9003 | D:7      | Noticed Dowan
  9182 | D:7      | Killed Dowan
  9366 | D:7      | Noticed Menkaure
  9372 | D:7      | Killed Menkaure
  9372 | D:7      | Reached skill level 5 in Conjurations
  9696 | D:7      | Reached skill level 8 in Spellcasting
  9696 | D:7      | Reached XP level 9. HP: 65/65 MP: 10/21
  9948 | D:7      | Found a shadowy altar of Dithmenos.
  9997 | D:7      | Found Jyogatot's General Store.
 10006 | D:7      | Bought a scroll of enchant armour for 90 gold pieces
 10211 | D:7      | Found a shattered altar of Ashenzari.
 10475 | D:7      | Found a bloodstained altar of Trog.
 10830 | D:4      | Bought the ring of Motay {rElec rPois rC+ MR+ Stlth-} for
                  | 497 gold pieces
 11147 | D:8      | Learned a level 2 spell: Blink
 11210 | D:8      | Reached skill level 9 in Spellcasting
 11460 | D:8      | Found a basalt altar of Yredelemnul.
 11464 | D:8      | Found a snail-covered altar of Cheibriados.
 11467 | D:8      | Found a blossoming altar of Fedhas.
 11524 | D:8      | Reached skill level 5 in Fighting
 11806 | D:8      | Noticed Psyche
 11812 | D:8      | Killed Psyche
 11919 | D:8      | Reached XP level 10. HP: 72/74 MP: 15/23
 12270 | D:9      | Found a shadowy altar of Dithmenos.
 12508 | D:9      | Found a staircase to the Lair.
 12513 | D:9      | Noticed a death yak
 12514 | D:9      | Noticed a death yak
 12515 | D:9      | Noticed a two-headed ogre
 12516 | D:9      | Noticed a death yak
 12573 | D:9      | Found Kimiamp's Book Shop.
 12733 | D:9      | Noticed a two-headed ogre
 12761 | D:9      | Killed a two-headed ogre
 12761 | D:9      | Reached skill level 10 in Spellcasting
 12761 | D:9      | Reached skill level 1 in Evocations
 12925 | D:9      | Noticed a wizard
 13307 | D:9      | Killed a death yak
 13311 | D:9      | Killed a death yak
 13573 | D:9      | Killed a death yak
 13856 | D:9      | Killed a wizard
 13865 | D:9      | Reached XP level 11. HP: 81/81 MP: 9/25
 14211 | D:9      | Noticed a large abomination
 14219 | D:9      | Reached skill level 11 in Spellcasting
 14492 | D:9      | Killed a two-headed ogre
 14618 | D:9      | Killed a large abomination
 14964 | D:9      | Got a transparent halberd
 15151 | D:9      | Found a shadowy altar of Dithmenos.
 15349 | D:9      | Found Kimiamp's Book Shop.
 15806 | D:10     | Entered Level 10 of the Dungeon
 15942 | D:10     | Noticed a cyan ugly thing
 15948 | D:10     | Killed a cyan ugly thing
 15948 | D:10     | Reached skill level 1 in Poison Magic
 16412 | D:10     | Noticed Maurice
 16896 | D:10     | Noticed a two-headed ogre
 16912 | D:10     | Killed a two-headed ogre
 17139 | D:10     | Found a white marble altar of Elyvilon.
 17374 | D:10     | Killed Maurice
 17513 | D:10     | Found a stormy altar of Qazlal.
 18030 | D:11     | Found a staircase to the Orcish Mines.
 18032 | D:11     | Reached skill level 12 in Spellcasting
 18407 | D:11     | Found Ora Gux's Antique Armour Emporium.
 18695 | D:11     | Found a burning altar of Makhleb.
 18695 | D:11     | Noticed a cacodemon
 18987 | D:9      | Learned a level 4 spell: Throw Icicle
 18988 | Lair:1   | Entered Level 1 of the Lair of Beasts
 18995 | Lair:1   | Reached XP level 12. HP: 91/91 MP: 13/28
 20525 | Lair:1   | Identified a scroll of acquirement
 21050 | Lair:2   | Reached skill level 5 in Poison Magic
 22016 | Lair:3   | Reached skill level 13 in Spellcasting
 22974 | Lair:3   | Gained mutation: You are in touch with the powers of death.
                  | [Mummy growth]
 22974 | Lair:3   | Reached XP level 13. HP: 98/98 MP: 21/30
 23479 | Lair:3   | Found a staircase to the Shoals.
 23682 | Lair:3   | Found a hole to the Spider Nest.
 24550 | Lair:4   | Reached skill level 10 in Fire Magic
 25693 | Lair:5   | Noticed Kirke
 25888 | Lair:4   | Killed Kirke
 25888 | Lair:4   | Reached skill level 5 in Evocations
 26088 | Lair:5   | Reached skill level 10 in Conjurations
 26771 | Lair:6   | Entered Level 6 of the Lair of Beasts
 27069 | Lair:5   | Reached skill level 14 in Spellcasting
 28582 | Lair:6   | Reached XP level 14. HP: 106/106 MP: 32/32
 28586 | Lair:6   | Noticed an entropy weaver
 28593 | Lair:6   | Killed an entropy weaver
 28595 | Lair:6   | Noticed an entropy weaver
 28618 | Lair:6   | Killed an entropy weaver
 29279 | Lair:6   | Found a staircase to the Slime Pits.
 29280 | Lair:6   | Found a viscous altar of Jiyva.
 31147 | D:12     | Reached skill level 10 in Poison Magic
 31324 | D:12     | Reached skill level 15 in Spellcasting
 32153 | D:12     | Identified the cursed +3 short sword of Itav {venom, rPois
                  | rF+ Str-2 SInv}
 32165 | D:12     | Identified the cursed ring "Qycsu" {rF- Str+5 Dex-2 SInv
                  | Stlth+}
 34363 | Orc:1    | Entered Level 1 of the Orcish Mines
 34651 | Orc:1    | Found a roughly hewn altar of Beogh.
 34945 | Orc:1    | Found a runed translucent gate.
 34945 | Orc:1    | Found a runed translucent gate.
 34945 | Orc:1    | Found a runed translucent gate.
 34946 | Orc:1    | Noticed casual's ghost (journeyman GnTm)
 35124 | Orc:2    | Entered Level 2 of the Orcish Mines
 35225 | Orc:2    | Found Ynyqirush's General Store.
 35227 | Orc:2    | Noticed an orc warlord
 35230 | Orc:2    | Reached XP level 15. HP: 94/114 MP: 9/34
 36804 | Orc:2    | Killed an orc warlord
 37312 | Orc:2    | Found Puydisal's Antique Weapon Boutique.
 37455 | Orc:2    | Found Qoum's Antique Armour Boutique.
 37562 | Orc:2    | Found a roughly hewn altar of Beogh.
 37742 | Orc:2    | Found Aren's Jewellery Shop.
 37747 | Orc:2    | Found a staircase to the Elven Halls.
 37995 | Orc:2    | Bought the ring "Atyokk" {MR+ Int+4} for 525 gold pieces
 38012 | Orc:2    | Bought an embroidered cloak for 232 gold pieces
 38012 | Orc:2    | Bought an embroidered cloak for 232 gold pieces
 40851 | D:13     | Reached skill level 16 in Spellcasting
 40995 | D:13     | Reached skill level 1 in Shields
 41429 | D:13     | Noticed Rupert
 41743 | D:13     | Killed Rupert
 41743 | D:13     | Reached skill level 10 in Fighting
 42126 | D:13     | Learned a level 4 spell: Olgreb's Toxic Radiance
 42598 | D:13     | Found a gate to the Vaults.
 43850 | D:14     | Reached XP level 16. HP: 122/122 MP: 30/36
 44526 | D:15     | Entered Level 15 of the Dungeon
 44738 | D:15     | Found a shimmering blue altar of Sif Muna.
 45053 | D:15     | Noticed Josephine
 46106 | D:15     | Found a staircase to the Depths.
 46244 | D:15     | Killed Josephine
 46476 | D:15     | Found a glowing silver altar of Zin.
 47056 | D:15     | Found a glowing silver altar of Zin.
 47135 | D:15     | Found a staircase to the Depths.
 47182 | D:15     | Found a shimmering blue altar of Sif Muna.
 47748 | Spider:1 | Entered Level 1 of the Spider Nest
 48630 | Spider:1 | Reached skill level 17 in Spellcasting
 50819 | Spider:2 | Noticed Arachne
 52329 | Spider:2 | Killed Arachne
 53199 | Spider:3 | Reached XP level 17. HP: 95/131 MP: 19/38
 53465 | Spider:2 | HP: 5/131 [redback (16)]
 53465 | Spider:2 | HP: 2/131 [ghost moth (3)]
 55790 | Spider:3 | Reached skill level 18 in Spellcasting
 56197 | Spider:4 | Entered Level 4 of the Spider Nest
 60084 | Spider:4 | Got a gossamer rune of Zot
 60264 | Lair:3   | Upgraded the game from 0.25-a0-100-g33052ceff8 to
                  | 0.25-a0-102-gbfa96ce22d
 60267 | Shoals:1 | Entered Level 1 of the Shoals
 60471 | Lair:3   | Learned a level 6 spell: Bolt of Fire
 61022 | Shoals:1 | Reached XP level 18. HP: 140/140 MP: 25/40
 62186 | Shoals:2 | Found Numiymp's Mass Market.
 62577 | Shoals:2 | Reached skill level 19 in Spellcasting
 62854 | Shoals:2 | Found Guloveu's Gadget Boutique.
 62888 | Shoals:2 | Bought a wand of clouds (5) for 432 gold pieces
 62888 | Shoals:2 | Bought a wand of disintegration (12) for 256 gold pieces
 62888 | Shoals:2 | Bought a wand of disintegration (13) for 272 gold pieces
 63123 | Shoals:2 | Found Josaxa's General Store.
 63292 | Shoals:2 | Bought a +1 buckler of protection for 297 gold pieces
 63402 | Shoals:2 | Found a hide-covered altar of Uskayaw.
 63750 | Shoals:3 | Noticed Aizul
 64218 | Shoals:3 | Noticed Mara
 64227 | Shoals:3 | Noticed vurker's illusion
 64233 | Shoals:2 | Noticed vurker's illusion
 64552 | Shoals:2 | Found a hide-covered altar of Uskayaw.
 64680 | Shoals:2 | Found Numiymp's Mass Market.
 64690 | Shoals:2 | Found Guloveu's Gadget Boutique.
 64813 | Shoals:2 | Noticed vurker's illusion
 64991 | Shoals:2 | Found Josaxa's General Store.
 65064 | Shoals:2 | Noticed vurker's illusion
 65069 | Shoals:2 | Demolished by Mara (illusionary)

Levels and vault maps discovered:
D:1:      dpeg_arrival_simpleton_c, layout_basic, minmay_rat_gold_closets
D:2:      layout_loops_ring, nicolae_overflow_crystal_walls, first_ration,
          serial_bayou_lagoon_b
D:3:      layout_basic, lemuel_round_altar, kennysheep_jessica_study
D:4:      layout_loops_ring, grunt_gozag_statues, serial_shops, shop
D:5:      layout_rooms, doesnt_xom_only_xom, minmay_misc_feat_encased
D:6:      minmay_chambers_of_fours, layout_basic, lemuel_coloured_pillars_altar,
          lemuel_round_altar, nicolae_ru_path_of_blood, temple_pool_b,
          enter_ossuary_4, hangedman_decor_opposing, uniq_sigmund
D:7:      layout_cave_pools, lemuel_doored_altar, nicolae_ashenzari_panopticon,
          basic_altar, serial_shops, shop_fountains, uniq_menkaure, uniq_duvessa
D:8:      layout_loops_cross, grunt_temple_overflow_diamond, grunt_pizzeria,
          corner_web_ring, uniq_psyche
D:9:      layout_irregular_city, grunt_dithmenos_smoke, dpeg_lair_monsters,
          serial_shops, shop, laboratory
D:10:     layout_long_grid, basic_altar, nicolae_qazlal_eye_of_the_storm,
          uniq_maurice
D:11:     layout_roguey, david_orc_3, serial_shops, shop,
          makhleb_altar_promises_db
D:12:     minmay_the_grid_octo_tiled_octocenter_mashed
          [minmay_the_grid_octo_focus, minmay_the_grid_octo_checkered,
          minmay_the_grid_octo_concentric, minmay_the_grid_octo_teeth,
          minmay_the_grid_octo_prize_big_c,
          minmay_the_grid_square_5x5_intrusive_squares,
          minmay_the_grid_square_5x5_v, minmay_the_grid_square_5x5_bite,
          minmay_the_grid_square_5x5_minimal], layout_basic,
          serial_corexii_hall, corexii_hall_statues_i, corexii_hall_statues_x
D:13:     layout_loops_ring, ximxim_vaults_locker_room, gauntlet_entry_generic,
          minmay_alternating_orb, uniq_rupert
D:14:     layout_cave_pools, chequers_mini_garden
D:15:     hangedman_depths_entry_try_elsewhere_first, layout_stronghold,
          hangedman_feature_mirror, uniq_josephine
Temple:   compressed_dpeg_triangle_lava_temple
Lair:1:   layout_long_grid, lemuel_fruit_tree, minmay_lair_oklob_chamber
Lair:2:   layout_regular_city, serial_bayou_shore_a, serial_bayou_shore_b
Lair:3:   layout_small_grid, minmay_shoals_entry_beasts, spider_nest_entry_webs,
          infiniplex_staircase_pool
Lair:4:   layout_roguey
Lair:5:   layout_loops_ring, uniq_kirke
Lair:6:   evilmike_catoblepas_cave, layout_gridlike, slime_altar_1,
          wad_woods_antlair, grunt_megastairs_1
Shoals:1: layout_shoals
Shoals:2: layout_shoals, serial_shops, shop, shop, minmay_shop_mass,
          lemuel_centaur_altar
Shoals:3: layout_shoals, uniq_mara, uniq_aizul, uniq_roxanne
Spider:1: layout_spider_delve
Spider:2: layout_spider_delve, nicolae_arachne_temple,
          nicolae_spider_cling_halls
Spider:3: layout_spider_delve, nicolae_orb_stairs
Spider:4: grunt_spider_rune_circles
Orc:1:    layout_diamond_mine, ebering_ghost_rock_garden, basic_altar,
          nicolae_orc_flooded_monolith
Orc:2:    grunt_orc_gardens, layout_caves, grunt_orc_garden, grunt_orc_garden,
          grunt_orc_garden, grunt_orc_garden, mines1_david

Skill      XL: |  1  2  3  4  5  6  7  8  9 10 11 12 13 14 15 16 17 18 |
---------------+-------------------------------------------------------+-----
Conjurations   | 1 2 3 4 5 6 7 8 9 10 11 12 13 14 | 14.2
Spellcasting   | 3 4 5 6 8 9 10 12 13 14 15 16 17 18 19 | 19.1
Fire Magic     | 3 4 5 6 8 9 10 11 12 13 14 | 14.3
Fighting       | 1 2 3 4 5 6 7 8 9 10 11 12 | 12.1
Evocations     | 2 3 4 5 |  5.0
Poison Magic   | 3 6 8 10 11 | 11.1
Shields        | 3 4 |  4.0
Dodging        | |  1.5
Stealth        | |  1.5

Action                   |  1- 3 |  4- 6 |  7- 9 | 10-12 | 13-15 | 16-18 || total
-------------------------+-------+-------+-------+-------+-------+-------++-------
Melee: Dagger            |    17 |    11 |       |    24 |       |       ||    52
       Short sword       |       |     1 |       |       |       |       ||     1
       Staff             |       |       |       |     4 |    18 |    19 ||    41
 Cast: Flame Tongue      |    78 |   191 |   261 |   166 |       |       ||   696
       Conjure Flame     |       |     1 |     5 |    23 |    10 |       ||    39
       Sticky Flame      |       |       |    14 |    36 |    57 |    15 ||   122
       Fireball          |       |       |     2 |   160 |   476 |   185 ||   823
       Blink             |       |       |       |     3 |     7 |     5 ||    15
       Throw Icicle      |       |       |       |    17 |    52 |   159 ||   228
       Olgreb's Toxic Ra |       |       |       |       |       |   244 ||   244
       Bolt of Fire      |       |       |       |       |       |   102 ||   102
Invok: Potion Petition   |       |       |     1 |       |     1 |     4 ||     6
Evoke: Wand              |       |       |     2 |     2 |     4 |    17 ||    25
       Lamp of fire      |       |       |       |     1 |       |       ||     1
       Box of beasts     |       |       |       |       |     1 |     3 ||     4
       Phial of floods   |       |       |       |       |       |     1 ||     1
  Use: Scroll            |       |     3 |     8 |     8 |     2 |     6 ||    27
Armor: Robe              |     4 |    26 |    15 |    35 |    67 |    78 ||   225
Dodge: Dodged            |    34 |    90 |    73 |    83 |   108 |   146 ||   534
Block: Buckler           |       |       |       |       |     6 |    66 ||    72

Table legend:
 A = Non-vault XP
 B = Vault XP
 C = Vault XP percentage of total XP
 D = Non-vault monster count
 E = Vault monster count
 F = Vault count percentage of total count
                 A         B        C        D         E       F
            +---------+---------+-------+---------+---------+-------
      Total |  198701 |  119368 |  37.5 |     942 |     284 |  23.2
            +---------+---------+-------+---------+---------+-------
        D:1 |      43 |       4 |   8.5 |      22 |       4 |  15.4
        D:2 |     138 |       0 |   0.0 |      37 |       0 |   0.0
        D:3 |     162 |      39 |  19.4 |      36 |       2 |   5.3
        D:4 |     221 |       0 |   0.0 |      21 |       0 |   0.0
        D:5 |     502 |       0 |   0.0 |      19 |       0 |   0.0
        D:6 |     648 |     304 |  31.9 |      19 |       7 |  26.9
        D:7 |    1445 |     399 |  21.6 |      41 |       3 |   6.8
        D:8 |    1285 |     594 |  31.6 |      19 |       2 |   9.5
        D:9 |    3073 |    5945 |  65.9 |      19 |      24 |  55.8
       D:10 |    4590 |     493 |   9.7 |      38 |       1 |   2.6
       D:11 |    1162 |     235 |  16.8 |      18 |       6 |  25.0
       D:12 |    9091 |   10820 |  54.3 |      41 |      30 |  42.3
       D:13 |   12959 |   12486 |  49.1 |      55 |      26 |  32.1
       D:14 |   12702 |       0 |   0.0 |      46 |       0 |   0.0
       D:15 |    8780 |    5145 |  36.9 |      33 |      11 |  25.0
     Lair:1 |    4981 |    1646 |  24.8 |      30 |       4 |  11.8
     Lair:2 |    5748 |       0 |   0.0 |      28 |       0 |   0.0
     Lair:3 |    6379 |     776 |  10.8 |      32 |       2 |   5.9
     Lair:4 |    5463 |    2192 |  28.6 |      22 |       1 |   4.3
     Lair:5 |    5117 |    1827 |  26.3 |      20 |       5 |  20.0
     Lair:6 |    7136 |   19712 |  73.4 |      22 |      46 |  67.6
   Shoals:1 |   16989 |       0 |   0.0 |      34 |       0 |   0.0
   Shoals:2 |   16554 |     468 |   2.7 |      32 |       4 |  11.1
   Shoals:3 |    4654 |       0 |   0.0 |      11 |       0 |   0.0
   Spider:1 |   17053 |     295 |   1.7 |      49 |       1 |   2.0
   Spider:2 |    9656 |   15765 |  62.0 |      24 |      32 |  57.1
   Spider:3 |   24159 |    3521 |  12.7 |      69 |       6 |   8.0
   Spider:4 |   13827 |   24493 |  63.9 |      42 |      40 |  48.8
      Orc:1 |    1605 |    2558 |  61.4 |      37 |       7 |  15.9
      Orc:2 |    2579 |    9651 |  78.9 |      26 |      20 |  43.5
            +---------+---------+-------+---------+---------+-------
